 Dungeon Crawl Stone Soup version 0.31-a0-799-g6bc09d010c (webtiles) character file.

Game seed: 14782636304798374795

61 Pooter the Chopper (level 3, -1/33 HPs)
             Began as a Minotaur Berserker on Sept 19, 2023.
             Was a Believer of Trog.
             Slain by a gnoll
             ... wielding a +0 flail
              (7 damage)
             ... on level 2 of the Dungeon.
             The game lasted 00:02:48 (504 turns).

Pooter the Chopper (Minotaur Berserker)              Turns: 504, Time: 00:02:48

Health: -1/33      AC:  3    Str: 23    XL:     3   Next: 83%
Magic:  2/2        EV: 12    Int:  4    God:    Trog [**....]
Gold:   23         SH:  0    Dex:  9    Spells: 2/2 levels left

rFire   . . .        f - +4 short sword
rCold   . . .        (no shield)
rNeg    . . .        b - +0 animal skin
rPois   .            (helmet restricted)
rElec   .            (no cloak)
rCorr   .            (no gloves)
SInv    .            m - +0 pair of boots
Will    .....        (no amulet)
Stlth   ++           (no ring)
HPRegen 0.25/turn    (no ring)
MPRegen 0.08/turn

%: no passive effects
@: on berserk cooldown, slowed, very slow
A: horns 2, retaliatory headbutt
a: Renounce Religion, Berserk, Trog's Hand


You were on level 2 of the Dungeon.
You worshipped Trog.
Trog was pleased with you.
You visited 1 branch of the dungeon, and saw 2 of its levels.

You collected 23 gold pieces.

Inventory:

Hand Weapons
 a - a +0 hand axe
 f - a +4 short sword (weapon)
   (You took it off a kobold on level 1 of the Dungeon)
Missiles
 Q - 13 stones (quivered)
Armour
 b - a +0 animal skin (worn)
 m - a +0 pair of boots (worn)
   (You found it on level 2 of the Dungeon)
Scrolls
 e - a scroll of identify {unknown}
 l - a scroll of enchant armour {unknown}
 t - a scroll of teleportation {@r4}
Potions
 d - 2 potions of resistance {unknown}
 g - a potion of haste {unknown}
 h - a potion of ambrosia {unknown}
 i - a potion of attraction {unknown}
 j - a potion of degeneration {unknown}
 k - a potion of berserk rage {unknown}


   Skills:
 + Level 4.1 Fighting
 * Level 4.6 Axes
 - Level 2.4 Armour
 - Level 2.1 Dodging
 * Level 1.9 Stealth


You had 2 spell levels left.
You didn't know any spells.
Your spell library was empty.

Dungeon Overview and Level Annotations

Branches:
Dungeon (2/15) Zot: 11499

Altars:


Innate Abilities, Weirdness & Mutations

You have a pair of horns on your head.
You reflexively headbutt those who attack you in melee.


Message History

The adder misses you.
You puncture the adder!
You kill the adder!
Trog accepts your kill.
You feel sick. The gnoll barely misses you.
Your Fighting skill increases to level 4!
You have reached level 3!
Your experience leads to an increase in your attributes!
Increase (s)trength, (i)ntelligence, or (d)exterity?
You feel stronger. x2
You see here an adder corpse.
You puncture the gnoll!
You feel sick. The gnoll hits you with a +0 spear. The gnoll barely misses you.
You are too injured to fight recklessly!
You are too injured to fight recklessly!
You hit the gnoll.
You kill the gnoll!
Trog accepts your kill.
You feel sick. The gnoll misses you.
You hit the gnoll. You closely miss the gnoll.
You feel sick.
The gnoll hits you from afar with a +0 spear.
The gnoll barely misses you.
You hit the gnoll. You headbutt the gnoll.
You kill the gnoll!
Trog accepts your kill.
You feel sick. The gnoll hits you with a +0 spear.
* * * LOW HITPOINT WARNING * * *
Things that are here:
a +0 whip; a +0 spear; a gnoll corpse You closely miss the gnoll.
You feel sick.
You are no longer poisoned.
The gnoll hits you with a +0 spear!
* * * LOW HITPOINT WARNING * * *
You puncture the gnoll! Your headbutt misses the gnoll.
You closely miss the gnoll. The gnoll hits you with a +0 spear.
* * * LOW HITPOINT WARNING * * *
You puncture the gnoll!
You kill the gnoll!
Trog accepts your kill.
You can now call upon Trog for regeneration and willpower.
A gnoll comes into view. It is wielding a +0 flail.
You see here a +0 spear.
You barely miss the gnoll.
You are no longer berserk.
You are exhausted.
You feel yourself slow down. The gnoll hits you with a +0 flail!
You die...

####### #.....#
#.###.# ## #...#†#
.. ###.#)##.#
..#####.#.@g.#
#.......########.#
########.........#
#)######### #.#
####.# #....#
##########'####
#............#


You could see a gnoll.

Vanquished Creatures
  An adder (D:2)
  3 gnolls (D:2)
  2 bats (D:1)
  An endoplasm (D:1)
  A giant cockroach (D:1)
  2 hobgoblins (D:1)
  3 ball pythons (D:1)
  A frilled lizard (D:1)
  3 goblins (D:1)
  5 kobolds
  6 rats (D:1)
28 creatures vanquished.

Notes
Turn   | Place    | Note
-------+----------+-------------------------------------------
     0 | D:1      | Pooter the Minotaur Berserker began the quest for the Orb.
     0 | D:1      | Reached XP level 1. HP: 19/19 MP: 0/0
     6 | D:1      | Noticed a wyvern
     6 | D:1      | Noticed a lindwurm
     7 | D:1      | Noticed a redback
     7 | D:1      | Noticed a polar bear
   144 | D:1      | Reached XP level 2. HP: 27/27 MP: 1/1
   267 | D:1      | Reached skill level 1 in Stealth
   439 | D:1      | You fall into a shaft and drop 1 floor!
   492 | D:2      | Reached XP level 3. HP: 33/33 MP: 2/2
   502 | D:2      | Reached ** piety under Trog
   504 | D:2      | Slain by a gnoll

Illustrated notes

Levels and vault maps discovered:
D:1:      onia_arrival_zoo_common, layout_rooms, minmay_rat_gold_closets
D:2:      layout_basic

Skill      XL: |  1  2 |
---------------+-------+-----
Axes           | 4 |  4.6
Stealth        | 1 |  1.9
Fighting       | 4 |  4.1
Armour         | |  2.4
Dodging        | |  2.1

Action                     || total
---------------------------++-------
  Melee: Hand axe          ||    12
         Headbutt          ||     4
         Short sword       ||    44
 Invoke: Berserk           ||     1
    Use: Scroll            ||     1
   Stab: Sleeping          ||     1
 Armour: Animal skin       ||    33
  Dodge: Dodged            ||    36

Table legend: (Time is in decaauts)
 A = Elapsed time spent in this place.
 B = Non-inter-level travel time spent in this place.
 C = Inter-level travel time spent in this place.
 D = Time resting spent in this place.
 E = Time spent auto-exploring this place.
 F = Levels seen in this place.
 G = Mean time per level.
                   A        B        C        D        E       F      G
               +--------+--------+--------+--------+--------+-----+--------+
         Total |    499 |    499 |      0 |      0 |    350 |   2 |  249.5 |
       Dungeon |    499 |    499 |      0 |      0 |    350 |   2 |  249.5 |
               +--------+--------+--------+--------+--------+-----+--------+

Top non-repeatable levels by time:
     D:1: 439 daAuts
     D:2: 59 daAuts
